 Dungeon Sprint DCSS version 0.21.2 (webtiles) character file.

13089 Fang the Severer (level 12, -2/129 HPs)
             Began as a Gargoyle Berserker on Sept 25, 2018.
             Was the Champion of Trog.
             Incinerated by a deep elf mage (5 damage)
             ... with a sticky flame
             ... in the Dungeon (Sprint VII: "The Pits").
             The game lasted 00:10:06 (2626 turns).

Fang the Severer (Gargoyle Berserker)               Turns: 2626, Time: 00:10:07

Health: -2/129     AC: 30    Str: 31    XL:     12   Next: 2%
Magic:  0/12       EV: 14    Int:  8    God:    Trog [******]
Gold:   11         SH:  0    Dex:  9    Spells: 11/11 levels left

rFire    . . .     SeeInvis .   x - +7 executioner's axe "Jowihix" {freeze, rC+ rN+}
rCold    + . .     Gourm    .   (shield currently unavailable)
rNeg     + + .     Faith    .   n - +2 plate armour
rPois    ∞         Spirit   +   (no helmet)
rElec    +         Reflect  .   D - scarf {Spirit}
rCorr    .         Harm     .   (no gloves)
MR       .....     NoTele   +   (no boots)
Stlth    ..........             (no amulet)
HPRegen  0.31/turn              r - +3 ring of protection
MPRegen  0.13/turn              q - +3 ring of evasion

@: berserking (expiring), liquid flames, glowing, very quick
A: negative energy resistance 1, electricity resistance, unbreathing,
petrification resistance, rot immunity, AC +8
a: Berserk, Trog's Hand, Brothers in Arms, Burn Spellbooks, Renounce Religion


You were in the Dungeon.
You worshipped Trog.
Trog was exalted by your worship.
You were very hungry.

You visited 1 branch You collected 11 gold pieces.

Inventory:

Hand Weapons
 j - a +2 hand axe
 o - a +4 antimagic battleaxe
 p - a +2 battleaxe of chopping
 w - a +2 war axe of freezing
 x - the +7 executioner's axe "Jowihix" (weapon) {freeze, rC+ rN+}
   (Trog gifted it to you in the Dungeon)

   It has been specially enchanted to freeze those struck by it, causing extra
   injury to most foes and up to half again as much damage against particularly
   susceptible opponents.
   It can also slow down cold-blooded creatures.
   It protects you from cold.
   It protects you from negative energy.
 y - a +6 executioner's axe of flaming
 z - a +1 battleaxe of freezing
Armour
 n - a +2 plate armour (worn)
 D - a scarf of spirit shield (worn)
Jewellery
 q - a +3 ring of evasion (right hand)
 r - a +3 ring of protection (left hand)
 E - an uncursed ring of positive energy
 F - an uncursed ring of fire
Scrolls
 i - 3 scrolls of blinking
 k - 3 scrolls of remove curse
 l - a scroll of summoning
 m - 2 scrolls of enchant armour
 B - 3 scrolls of identify
Potions
 a - 2 potions of invisibility
 b - 2 potions of flight
 d - 12 potions of curing
 e - 9 potions of heal wounds
 f - a potion of haste
 g - 4 potions of magic
 h - 3 potions of berserk rage
 s - 3 potions of brilliance
 t - 2 potions of resistance
 u - a potion of agility
 v - 2 potions of might
Miscellaneous
 C - a lamp of fire
Comestibles
 c - 12 rations
 A - 3 chunks of flesh


   Skills:
 + Level 14.8 Fighting
 + Level 18.8 Axes
 + Level 13.7 Armour
 + Level 6.5 Dodging
 + Level 3.9 Stealth


You had 11 spell levels left.
You didn't know any spells.

Dungeon Overview and Level Annotations

Branches:
Dungeon (1/1)

Altars:
Ashenzari
Cheibriados
Dithmenos
Elyvilon
Fedhas
Gozag
Hepliaklqana
Kikubaaqudgha
Makhleb
Nemelex Xobeh
Okawaru
Qazlal
Ru
Sif Muna
Trog
Uskayaw
Vehumet
Wu Jian
Xom
Yredelemnul
Zin
The Shining One
Beogh
Jiyva
Lugonu


Innate Abilities, Weirdness & Mutations

You are resistant to torment.
Your stone body is resilient. (AC +8)
You are immune to poison.
You resist negative energy. (rN+)
You are resistant to electric shocks. (rElec)
You can survive without breathing.
You are immune to petrification.
You are immune to rotting.


Message History

You are on fire!
You are on fire!
You are covered in liquid flames!
* * * LOW HITPOINT WARNING * * *
You are on fire!
You are on fire!
You are on fire!
You feel a strong urge to attack something.
You are covered in liquid flames!
* * * LOW HITPOINT WARNING * * *
You see here 5 javelins of penetration.
You are too berserk!
You are on fire!
You are on fire!
You are on fire!
You are on fire!
You are on fire!
You are on fire!
You are covered in liquid flames!
You die...

#++##############
#................
#.......(@.......
#..##############
#..# #..# #..#
#..# #).# #))#
########..#


There were no monsters in sight!

Vanquished Creatures
  A great orb of eyes (D)
  A hydra (D)
  A merfolk aquamancer (D)
  A death yak (D)
  A deep troll (D)
  An unseen horror (D)
  A lindwurm (D)
  A deep elf mage (D)
  2 orc knights (D)
  A wolf spider (D)
  A cyclops (D)
  2 orc sorcerers (D)
  A smoke demon (D)
  A freezing wraith (D)
  2 efreet (D)
  A troll (D)
  2 merfolk (D)
  A snapping turtle (D)
  A water elemental (D)
  2 redbacks (D)
  A shadow (D)
  A basilisk (D)
  2 fire bats (D)
  A vampire mosquito (D)
  A steam dragon (D)
  A warg (D)
  A porcupine (D)
  A sky beast (D)
  2 ogres (D)
  A bullfrog (D)
  A quasit (D)
  A hound (D)
  2 orc priests (D)
  3 orc wizards (D)
  3 worker ants (D)
  A mummy (D)
  A river rat (D)
  A white imp (D)
  An ufetubus (D)
  An ooze (D)
  3 leopard geckos (D)
  11 orcs (D)
  A bat skeleton (D)
  A bat zombie (D)
  A goblin (D)
  A giant cockroach simulacrum (D)
  A giant cockroach zombie (D)
  2 kobolds (D)
  A quokka zombie (D)
  A rat (D)
75 creatures vanquished.

Vanquished Creatures (collateral kills)
  Erolcha (D)
  An alligator snapping turtle (D)
  A death yak (D)
  2 phantasmal warriors (D)
  An elephant (D)
  A hellwing (D)
  A tarantella (D)
  A vampire mosquito (D)
  2 orc warriors (D)
  A big kobold (D)
  An orc priest (D)
  A worker ant (D)
  2 orcs (D)
  A giant cockroach zombie (D)
17 creatures vanquished.

Grand Total: 92 creatures vanquished

Notes
Turn   | Place    | Note
-------+----------+-------------------------------------------
     0 | D        | Fang the Gargoyle Berserker began the quest for the Orb.
     0 | D        | Reached XP level 1. HP: 14/14 MP: 1/1
    13 | D        | Noticed a worker ant
    20 | D        | Killed a worker ant
    20 | D        | Reached skill level 5 in Fighting
    20 | D        | Reached skill level 4 in Axes
    20 | D        | Reached XP level 2. HP: 14/21 MP: 2/2
    71 | D        | Found a bloodstained altar of Trog.
    71 | D        | Found a deep blue altar of Sif Muna.
    71 | D        | Found a viscous altar of Jiyva.
    71 | D        | Found a hazy altar of Hepliaklqana.
    71 | D        | Found an opulent altar of Gozag.
    72 | D        | Found a glowing golden altar of the Shining One.
    72 | D        | Found a glowing silver altar of Zin.
    72 | D        | Found a basalt altar of Yredelemnul.
    72 | D        | Found a shimmering altar of Xom.
    72 | D        | Found an ornate altar of the Wu Jian Council.
    72 | D        | Found a sacrificial altar of Ru.
    72 | D        | Found a stormy altar of Qazlal.
    72 | D        | Found an iron altar of Okawaru.
    72 | D        | Found a sparkling altar of Nemelex Xobeh.
    72 | D        | Found a burning altar of Makhleb.
    72 | D        | Found a blossoming altar of Fedhas.
    72 | D        | Found a white marble altar of Elyvilon.
    72 | D        | Found a shadowy altar of Dithmenos.
    72 | D        | Found a snail-covered altar of Cheibriados.
    74 | D        | Found a radiant altar of Vehumet.
    74 | D        | Found a corrupted altar of Lugonu.
    74 | D        | Found a roughly hewn altar of Beogh.
   195 | D        | Reached XP level 3. HP: 26/26 MP: 3/3
   199 | D        | Reached ** piety under Trog
   220 | D        | Reached *** piety under Trog
   333 | D        | Noticed a porcupine
   338 | D        | Reached **** piety under Trog
   339 | D        | Noticed a sky beast
   340 | D        | Noticed a fire bat
   340 | D        | Reached skill level 5 in Axes
   344 | D        | Killed a porcupine
   344 | D        | Reached skill level 6 in Axes
   344 | D        | Reached XP level 4. HP: 34/34 MP: 4/4
   344 | D        | Reached XP level 5. HP: 38/38 MP: 5/5
   393 | D        | Killed a sky beast
   393 | D        | Reached skill level 8 in Axes
   393 | D        | Reached XP level 6. HP: 4/44 MP: 6/6
   400 | D        | Killed a fire bat
   400 | D        | Reached skill level 9 in Axes
   400 | D        | Reached skill level 5 in Armour
   404 | D        | Reached ***** piety under Trog
   534 | D        | Noticed a deep troll
   544 | D        | Killed a deep troll
   544 | D        | Reached skill level 10 in Fighting
   544 | D        | Reached skill level 11 in Axes
   544 | D        | Reached skill level 5 in Dodging
   544 | D        | Reached XP level 7. HP: 52/52 MP: 7/7
   544 | D        | Reached XP level 8. HP: 57/57 MP: 8/8
   611 | D        | Received a gift from Trog
   821 | D        | Noticed Erolcha
   828 | D        | Killed Erolcha
   828 | D        | Reached skill level 12 in Axes
   837 | D        | Received a gift from Trog
  1116 | D        | Found a hide-covered altar of Uskayaw.
  1116 | D        | Found an ancient bone altar of Kikubaaqudgha.
  1116 | D        | Found a shattered altar of Ashenzari.
  1137 | D        | Noticed a death yak
  1144 | D        | Killed a death yak
  1144 | D        | Reached skill level 13 in Axes
  1144 | D        | Reached skill level 1 in Stealth
  1144 | D        | Reached XP level 9. HP: 64/64 MP: 3/9
  1186 | D        | Noticed a smoke demon
  1187 | D        | Noticed a six-headed hydra
  1191 | D        | Killed a smoke demon
  1197 | D        | Killed a nine-headed hydra
  1197 | D        | Received a gift from Trog
  1197 | D        | Reached skill level 14 in Axes
  1197 | D        | Reached skill level 10 in Armour
  1222 | D        | Reached XP level 10. HP: 20/71 MP: 3/10
  1460 | D        | Noticed an orc knight
  1467 | D        | Reached ****** piety under Trog
  1472 | D        | Killed an orc knight
  1472 | D        | Received a gift from Trog
  1472 | D        | Reached skill level 15 in Axes
  1475 | D        | Noticed an orc sorcerer
  1479 | D        | Killed an orc sorcerer
  1545 | D        | Got a brightly glowing executioner's axe {god gift}
  1546 | D        | Identified the +7 executioner's axe "Jowihix" {freeze, rC+ rN+} (Trog gifted it to you in the Dungeon)
  1586 | D        | Noticed a lindwurm
  1591 | D        | Killed a lindwurm
  1592 | D        | Noticed a phantasmal warrior
  1599 | D        | Killed a phantasmal warrior
  1599 | D        | Reached skill level 16 in Axes
  1600 | D        | Received a gift from Trog
  1766 | D        | Noticed an orc sorcerer
  1767 | D        | Noticed an orc knight
  1773 | D        | Killed an orc sorcerer
  1773 | D        | Received a gift from Trog
  1773 | D        | Reached XP level 11. HP: 71/78 MP: 11/11
  1773 | D        | Killed an orc knight
  1815 | D        | Noticed a great orb of eyes
  1815 | D        | Noticed a wolf spider
  1815 | D        | Noticed a cyclops
  1820 | D        | Killed a wolf spider
  1820 | D        | Reached skill level 17 in Axes
  1822 | D        | Killed an unseen horror
  1823 | D        | Killed a great orb of eyes
  1827 | D        | Killed a cyclops
  2011 | D        | Noticed a phantasmal warrior
  2011 | D        | Noticed an alligator snapping turtle
  2011 | D        | Noticed a death yak
  2021 | D        | Killed a death yak
  2021 | D        | Received a gift from Trog
  2028 | D        | Killed an alligator snapping turtle
  2028 | D        | Reached skill level 18 in Axes
  2033 | D        | Killed a phantasmal warrior
  2037 | D        | Received a gift from Trog
  2524 | D        | Noticed a merfolk aquamancer
  2532 | D        | Killed a merfolk aquamancer
  2532 | D        | Received a gift from Trog
  2605 | D        | Noticed a deep elf mage
  2623 | D        | Killed a deep elf mage
  2623 | D        | Received a gift from Trog
  2623 | D        | Reached XP level 12. HP: 10/86 MP: 1/12
  2623 | D        | HP: 6/129 [burnt (4)]
  2625 | D        | HP: 2/129 [burnt (3)]
  2626 | D        | Incinerated by a deep elf mage

Skill      XL: |  1  2  3  4  5  6  7  8  9 10 11 |
---------------+----------------------------------+-----
Fighting       | 5 7 8 10 11 13 14 | 14.8
Axes           | 4 6 8 11 13 14 16 18 | 18.8
Dodging        | 2 3 5 6 |  6.5
Armour         | 3 4 7 9 10 12 13 | 13.7
Stealth        | 1 2 3 |  3.9

Action                   |  1- 3 |  4- 6 |  7- 9 | 10-12 || total
-------------------------+-------+-------+-------+-------++-------
Melee: Hand axe          |    33 |    47 |    13 |       ||    93
       Battleaxe         |       |       |    39 |       ||    39
       Executioner's axe |       |       |       |    66 ||    66
       War axe           |       |       |       |    12 ||    12
Invok: Berserk           |     2 |     1 |     2 |     4 ||     9
       Brothers in Arms  |       |       |     1 |     3 ||     4
  Use: Potion            |       |     2 |       |     1 ||     3
       Scroll            |       |       |       |     6 ||     6
 Stab: Distracted        |       |       |       |     1 ||     1
  Eat: Chunk             |       |     1 |     3 |    10 ||    14
Armor: Animal skin       |     6 |       |       |       ||     6
       Plate armour      |     3 |   104 |    27 |    84 ||   218
Dodge: Dodged            |    29 |    34 |    28 |    72 ||   163
